 Seeded DCSS version 0.31-a0-1570-g93c622d222 (webtiles) character file.

Game seed: 16547467254253927973 (custom seed)

26415 innerfire43 the Demonic Cataclysm (level 12, -9/88 HPs)
             Began as a Demonspawn Monk on Jan 3, 2024.
             Was a High Priest of Qazlal.
             Killed from afar by a molten gargoyle (17 damage)
             ... with a bolt of magma
             ... on level 5 of the Lair of Beasts.
             The game lasted 00:23:21 (14966 turns).

innerfire43 the Demonic Cataclysm (DsMo)           Turns: 14966, Time: 00:23:22

Health: -9/88      AC: 11    Str: 16    XL:     12   Next: 98%
Magic:  0/22       EV: 22    Int: 12    God:    Qazlal [*****.]
Gold:   1094       SH: 12    Dex: 21    Spells: 11/11 levels left

rFire   + . .        q - +9 quarterstaff
rCold   . . .        (shield currently unavailable)
rNeg    . . .        M - +1 ring mail "Nuileiso" {Dex+6}
rPois   +            p - +0 helmet
rElec   .            C - +2 cloak {rPois}
rCorr   .            (no gloves)
SInv    .            (boots unavailable)
Will    .....        y - amulet of reflection
Stlth   +            k - +5 ring of evasion
HPRegen 0.34/turn    N - ring of poison resistance
MPRegen 0.36/turn

%: repel missiles, reflection, guardian spirit
@: protected from fire
A: hooves 3, demonic guardian 3, magic shield, magic regeneration, magic link
a: Renounce Religion, Upheaval, Elemental Force, Disaster Area


You were on level 5 of the Lair of Beasts.
You worshipped Qazlal.
Qazlal was extremely pleased with you.
You visited 3 branches of the dungeon, and saw 16 of its levels.

You collected 1176 gold pieces.
You spent 82 gold pieces at shops.

Inventory:

Hand Weapons
 a - a +1 hand axe
 g - a +3 quarterstaff of chaos
 q - a +9 quarterstaff (weapon)
 u - a +1 mace of draining
 V - a +2 longbow of flaming
Missiles
 A - 5 javelins
Armour
 b - a +0 robe
 d - an orb of light
 i - a +1 cloak
 n - a +2 robe
 o - a +0 plate armour
 p - a +0 helmet (worn)
 C - a +2 cloak of poison resistance (worn)
 G - a +0 scale mail
 I - +0 acid dragon scales
 J - a scarf of harm
 M - the +1 ring mail "Nuileiso" (worn) {Dex+6}
   (You found it on level 2 of the Lair of Beasts)

   Dex+6:     It affects your dexterity (+6).
Jewellery
 k - a +5 ring of evasion (left hand)
 r - a +6 ring of intelligence
 y - an amulet of reflection (around neck)
 B - a ring of protection from fire
 N - a ring of poison resistance (right hand)
 Q - an amulet of the acrobat
Talismans
 L - a dragon-blood talisman
Wands
 c - a wand of acid (11)
 s - a wand of iceblast (17)
 x - a wand of charming (19)
 D - a wand of flame (35)
Scrolls
 h - 2 scrolls of immolation
 l - a scroll of noise
 m - 5 scrolls of teleportation
 F - a scroll of fog
 K - a scroll of vulnerability
 P - a scroll of enchant armour
 R - 4 scrolls of identify
 S - a scroll of enchant weapon
 U - a scroll of butterflies {unknown}
 X - a scroll of blinking
Potions
 e - 2 potions of attraction
 f - 2 potions of enlightenment
 j - 4 potions of curing
 t - a potion of cancellation {unknown}
 w - 3 potions of degeneration
 z - 2 potions of lignification {unknown}
 E - 2 potions of mutation {unknown}
 H - a potion of might {unknown}
 O - a potion of resistance {unknown}
 T - a potion of ambrosia
 W - a potion of berserk rage {unknown}
Miscellaneous
 v - a phial of floods


   Skills:
 - Level 6.1 Fighting
 - Level 3.6 Axes
 + Level 12.8 Staves
 - Level 4.2 Armour
 + Level 10.2 Dodging
 * Level 14.5 Invocations


You had 11 spell levels left.
You didn't know any spells.
Your spell library contained the following spells:

 Spells                   Type           Power      Damage    Failure   Level
 Apportation              Tloc           0%         N/A       52%         1
 Call Imp                 Summ           0%         N/A       65%         2
 Jinxbite                 Hex            0%         N/A       65%         2
 Sublimation of Blood     Necr           0%         N/A       65%         2
 Fugue of the Fallen      Necr           0%         N/A       87%         3
 Gell's Gravitas          Tloc           0%         N/A       87%         3
 Ozocubu's Armour         Ice            0%         N/A       87%         3
 Teleport Other           Tloc           0%         N/A       87%         3
 Animate Armour           Summ/Erth      0%         N/A       99%         4
 Manifold Assault         Tloc           0%         N/A       99%         4
 Summon Lightning Spire   Summ/Air       0%         N/A       99%         4
 Vhi's Electric Charge    Tloc/Air       0%         N/A       99%         4
 Alistair's Intoxication  Alch           0%         N/A       100%        5
 Arcjolt                  Conj/Air       0%         1d10      100%        5
 Lee's Rapid Deconstruct  Erth           0%         3d4*      100%        5
 Dispersal                Tloc           0%         N/A       100%        6
 Summon Hydra             Summ           0%         N/A       100%        7
 Maxwell's Capacitive Co  Air            0%         ∞         100%        8


Dungeon Overview and Level Annotations

Branches:
Dungeon (10/15)            Temple (1/1) D:4            Lair (5/5) D:10
  Swamp (0/4) Lair:3        Snake (0/4) Lair:2        Slime (0/5) Lair:4
    Orc: D:9-12

Altars:
Ashenzari
Cheibriados
Dithmenos
Fedhas
Gozag
Hepliaklqana
Kikubaaqudgha
Makhleb
Nemelex Xobeh
Okawaru
Qazlal
Ru
Sif Muna
Trog
Uskayaw
Vehumet
Wu Jian
Xom
Yredelemnul
Jiyva

Shops:
D:4 *   D:7 (   D:8 ?   D:9 (


Innate Abilities, Weirdness & Mutations

You have hooves in place of feet.
A powerful demonic guardian rushes to your aid.
When hurt, damage is shared between your health and your magic reserves.
You regenerate magic rapidly.
When low on magic, you restore magic in place of health.


Message History

Your smoke demon barely misses the hell hound.
You hear an angry hiss.
You hear a roar!
The hell hound breathes flames at your smoke demon.
The blast of flame hits your smoke demon.
Your smoke demon resists.
The hell hound completely misses your smoke demon.
The molten gargoyle blasts magma at you!
The bolt of magma hits you!! You partially resist.
* * * LOW HITPOINT WARNING * * *
Your smoke demon hits the hell hound but does no damage.
Your smoke demon barely misses the hell hound.
Your smoke demon closely misses the hell hound.
You hear an angry hiss.
The hell hound breathes flames at your smoke demon.
The blast of flame hits your smoke demon.
Your smoke demon resists.
The molten gargoyle hits you with a +0 dire flail!
* * * LOW HITPOINT WARNING * * *
You are engulfed in flames.
You resist.
* * * LOW HITPOINT WARNING * * *
Your smoke demon closely misses the hell hound.
Your smoke demon hits the hell hound.
Your smoke demon completely misses the hell hound.
The hell hound bites your smoke demon but does no damage.
The molten gargoyle hits you with a +0 dire flail!
* * * LOW HITPOINT WARNING * * *
You are engulfed in flames.
You resist.
You feel more protected from fire.
* * * LOW HITPOINT WARNING * * *
The hell hound bites your smoke demon but does no damage.
Your smoke demon gestures at the hell hound.
The hell hound is smitten.
The hell hound dies!
Qazlal accepts your kill.
You turn to flesh and can move again.
You feel better.
You hear an angry hiss.
The molten gargoyle blasts magma at you!
The bolt of magma hits you!! You partially resist.
You die...

......†..#..#
...........#...# [.
.#.........## ..
#........#.# # .
#....####..# ###.#.
#..P####..## hS#.##
##..##.#.#..# #9†3#
#....#.#..### ##@○##
#.......# ##....#
##...#.##
#.○.######..P..###
####..###.#......#.#
##..#P..#...........#
#..........P.P.P#.###
##............P.###
##..........#.P.#
#.......♣♣.♣#...#


You could see a black mamba, a molten gargoyle (ally target), a hell hound and a
friendly smoke demon (summoned).

Vanquished Creatures
  Josephine (D:10)
  Amaemon (Lair:1)
  A bog body (Lair:3)
  A salamander (Lair:2)
  Maurice (D:8)
  A torpor snail (Lair:3)
  2 black mambas (Lair:3)
  12 cane toads
  6 komodo dragons
  An orange demon (Lair:1)
  A rime drake (Lair:1)
  A troll (D:10)
  5 polar bears
  A hornet (D:9)
  7 blink frogs
  3 wyverns
  2 wraiths
  4 basilisks
  22 yaks
  2 hell hounds (Lair:5)
  10 water moccasins
  An ice beast (D:5)
  A sky beast (D:6)
  3 ogres
  An orc warrior (D:10)
  2 black bears
  4 boggarts (Lair:5)
  5 wolves
  3 centaurs
  13 bullfrogs
  2 gnoll sergeants
  3 scorpions
  5 killer bees
  A howler monkey (D:10)
  2 electric eels (Lair:3)
  2 lava snakes (Lair:2)
  3 hounds
  4 orc priests
  9 jellies
  A sleepcap (D:7)
  2 iguanas
  Jessica (D:3)
  8 orc wizards
  12 hell rats (Lair:2)
  10 gnolls
  13 adders
  A shadow imp (D:7)
  2 white imps
  2 ufetubi (D:5)
  2 dart slugs
  28 orcs
  2 ball pythons
  3 bats (D:1)
  10 endoplasms
  3 giant cockroaches
  8 goblins
  8 hobgoblins
  2 quokkas (D:2)
  A frilled lizard (D:2)
  7 kobolds
  11 rats
286 creatures vanquished.

Vanquished Creatures (collateral kills)
  A hydra (Lair:5)
  A cane toad (Lair:1)
  2 komodo dragons
  A troll (D:10)
  A shadow (D:10)
  2 wraiths (D:10)
  7 yaks
  An acid dragon (D:10)
  A water moccasin (Lair:1)
  A hell hound (Lair:5)
  2 centaurs
  A kobold brigand (D:6)
  3 killer bees (D:5)
  2 electric eels (Lair:3)
  3 jellies
  Crazy Yiuf (D:3)
  2 orc priests
  2 gnolls (D:9)
  4 orcs
  An endoplasm (Lair:4)
  2 kobolds (D:2)
41 creatures vanquished.

Vanquished Creatures (others)
  Nessos (Lair:4)
  An arcanist (D:7)
2 creatures vanquished.

Grand Total: 329 creatures vanquished

Notes
Turn   | Place    | Note
-------+----------+-------------------------------------------
     0 | D:1      | innerfire43 the Demonspawn Monk began the quest for the
                  | Orb.
     0 | D:1      | Reached XP level 1. HP: 18/18 MP: 1/1
    92 | D:1      | Reached skill level 1 in Invocations
    97 | D:1      | Gained mutation: You regenerate magic rapidly. [demonic
                  | ancestry]
    97 | D:1      | Reached XP level 2. HP: 24/24 MP: 2/2
   981 | D:2      | Reached skill level 2 in Invocations
   981 | D:2      | Gained mutation: A weak demonic guardian rushes to your
                  | aid. [demonic ancestry]
   981 | D:2      | Reached XP level 3. HP: 28/29 MP: 4/4
  1370 | D:2      | Found a faded altar of an unknown god.
  1778 | D:3      | Noticed Jessica
  1786 | D:3      | Killed Jessica
  1787 | D:3      | Gained mutation: A demonic guardian rushes to your aid.
                  | [demonic ancestry]
  1787 | D:3      | Reached XP level 4. HP: 21/35 MP: 4/6
  1849 | D:3      | Reached skill level 3 in Invocations
  2417 | D:3      | Reached XP level 5. HP: 42/42 MP: 7/7
  2491 | D:3      | Found a runed translucent door.
  2492 | D:3      | Noticed Crazy Yiuf
  2547 | D:3      | Found an opulent altar of Gozag.
  2620 | D:3      | Killed Crazy Yiuf
  2621 | D:3      | Reached skill level 4 in Invocations
  2925 | D:4      | Found Mextecze's Assorted Antiques.
  3095 | D:4      | Found a staircase to the Ecumenical Temple.
  3139 | Temple   | Entered the Ecumenical Temple
  3238 | Temple   | Became a worshipper of Qazlal Stormbringer
  3238 | Temple   | Reached * piety under Qazlal
  3238 | Temple   | Reached ** piety under Qazlal
  3771 | D:4      | Found a hazy altar of Hepliaklqana.
  3772 | D:4      | Found a faded altar of an unknown god.
  4108 | D:4      | Reached skill level 1 in Armour
  4234 | D:5      | Entered Level 5 of the Dungeon
  4534 | D:5      | Gained mutation: You have large cloven feet. [demonic
                  | ancestry]
  4534 | D:5      | Reached XP level 6. HP: 48/48 MP: 9/9
  4557 | D:5      | Noticed an ice beast
  4570 | D:5      | Killed an ice beast
  4571 | D:5      | Reached skill level 1 in Staves
  4957 | D:5      | Gained mutation: When hurt, damage is shared between your
                  | health and your magic reserves. [demonic ancestry]
  4957 | D:5      | Reached XP level 7. HP: 13/55 MP: 10/10
  4958 | D:5      | HP: 2/55 [poisoned by a killer bee]
  5402 | D:6      | Reached skill level 5 in Fighting
  5537 | D:6      | Reached XP level 8. HP: 48/62 MP: 11/11
  5876 | D:6      | Reached *** piety under Qazlal
  5877 | D:6      | Reached skill level 5 in Staves
  6351 | D:7      | Found an ornate altar of the Wu Jian Council.
  6352 | D:7      | Found a hide-covered altar of Uskayaw.
  6359 | D:7      | Found a snail-covered altar of Cheibriados.
  6360 | D:7      | Found a radiant altar of Vehumet.
  6361 | D:7      | Found a sacrificial altar of Ru.
  6361 | D:7      | Found a burning altar of Makhleb.
  6362 | D:7      | Found an ancient bone altar of Kikubaaqudgha.
  6363 | D:7      | Found a basalt altar of Yredelemnul.
  6363 | D:7      | Found a broken altar of Ashenzari.
  6364 | D:7      | Found a blossoming altar of Fedhas.
  6524 | D:7      | Found a bloodstained altar of Trog.
  6526 | D:7      | Noticed a wizard
  6531 | D:7      | Killed a wizard
  6647 | D:7      | Noticed a +0 demon trident
  6649 | D:7      | Found Gojeroh's Weapon Emporium.
  6658 | D:7      | Noticed a +0 lajatang
  6867 | D:8      | Found Uhorghoesk's Magic Scroll Emporium.
  6872 | D:8      | Bought a scroll of enchant weapon for 82 gold pieces
  6929 | D:8      | Gained mutation: You have hoof-like feet. [demonic
                  | ancestry]
  6929 | D:8      | Reached XP level 9. HP: 60/69 MP: 9/12
  7347 | D:8      | Noticed Maurice
  7351 | D:8      | Maurice stole 5 javelins
  7355 | D:8      | Something stole 225 gold
  7358 | D:8      | Killed Maurice
  7359 | D:8      | Reached skill level 5 in Dodging
  7760 | D:9      | Found Wailes's Weapon Shop.
  7867 | D:9      | Found a shimmering altar of Xom.
  8157 | D:9      | Reached **** piety under Qazlal
  8403 | D:10     | Entered Level 10 of the Dungeon
  8453 | D:10     | Noticed a troll
  8464 | D:10     | Killed a troll
  8465 | D:10     | Gained mutation: A powerful demonic guardian rushes to your
                  | aid. [demonic ancestry]
  8465 | D:10     | Reached XP level 10. HP: 39/76 MP: 8/13
  8639 | D:10     | Found a staircase to the Lair.
  8695 | D:10     | Reached skill level 10 in Staves
  8858 | D:10     | Noticed Josephine
  8872 | D:10     | Killed Josephine
  9314 | Lair:1   | Entered Level 1 of the Lair of Beasts
  9314 | Lair:1   | Noticed a cane toad
  9322 | Lair:1   | Reached skill level 5 in Invocations
  9326 | Lair:1   | Killed a cane toad
  9449 | Lair:1   | Noticed a cane toad
  9449 | Lair:1   | Noticed an orange demon
  9449 | Lair:1   | Noticed a cane toad
  9450 | Lair:1   | Noticed Amaemon
  9461 | Lair:1   | Killed a cane toad
  9462 | Lair:1   | Reached skill level 6 in Invocations
  9475 | D:10     | Killed a cane toad
  9476 | D:10     | Gained mutation: You have hooves in place of feet. [demonic
                  | ancestry]
  9476 | D:10     | Reached XP level 11. HP: 17/81 MP: 5/15
  9679 | Lair:1   | Killed Amaemon
  9680 | Lair:1   | Reached skill level 7 in Invocations
  9874 | Lair:1   | Reached skill level 8 in Invocations
 10416 | Lair:2   | Reached skill level 9 in Invocations
 10634 | Lair:2   | Found a staircase to the Snake Pit.
 10720 | Lair:2   | Identified the +1 ring mail "Nuileiso" {Dex+6}
 11059 | Lair:3   | Reached skill level 10 in Invocations
 11148 | Lair:3   | Noticed a bog body
 11155 | Lair:3   | Killed a bog body
 11298 | Lair:3   | Found a staircase to the Swamp.
 11620 | Lair:3   | Reached skill level 11 in Invocations
 11631 | Lair:3   | Gained mutation: When low on magic, you restore magic in
                  | place of health. [demonic ancestry]
 11631 | Lair:3   | Reached XP level 12. HP: 78/88 MP: 18/20
 11718 | Lair:3   | Reached ***** piety under Qazlal
 12067 | Lair:3   | Reached skill level 12 in Invocations
 12997 | Lair:4   | Found a staircase to the Slime Pits.
 13004 | Lair:4   | Reached skill level 13 in Invocations
 13006 | Lair:4   | Found a viscous altar of Jiyva.
 13543 | Lair:4   | Noticed Nessos
 13560 | Lair:4   | Killed Nessos
 13843 | Lair:5   | Entered Level 5 of the Lair of Beasts
 13962 | Lair:5   | Reached skill level 10 in Dodging
 14039 | Lair:5   | Reached skill level 14 in Invocations
 14082 | Lair:5   | Noticed an eight-headed hydra
 14091 | Lair:5   | Killed an eight-headed hydra
 14965 | Lair:5   | HP: 4/88 [molten gargoyle/+0 dire flail (4)]
 14966 | Lair:5   | Killed from afar by a molten gargoyle

Illustrated notes

Levels and vault maps discovered:
D:1:      scummos_arrival_star, layout_basic
D:2:      layout_loops_ring, hellmonk_ecumenical_altar_run_dry
D:3:      layout_rooms, nicolae_gozag_cash_rules_everything_around_me,
          mainiacjoe_overflow_cross_hatched, uniq_jessica,
          uniq_crazy_yiuf_cottage
D:4:      layout_basic, beargit_hepliaklqana_dungeon_heroes,
          minmay_temple_entry_large_hall, serial_shops, nicolae_shop_waterfront,
          hangedman_decor_growths
D:5:      layout_gridville, lemuel_tele_altar
D:6:      layout_basic
D:7:      layout_basic, trog_wizard, nicolae_overflows_in_rows, serial_shops,
          nicolae_shop_mannequins
D:8:      layout_basic, serial_shops, shop, uniq_maurice
D:9:      layout_basic, mainiacjoe_overflow_catwalk, serial_shops,
          nicolae_stop_n_shop_1, dreamdust_mushroom_princess
D:10:     layout_loops_cross, lair_entry_dummy, dk_rats_in_the_wall,
          uniq_josephine
Temple:   nicolae_temple_superstar
Lair:1:   layout_hall_layers, grunt_megastairs_3, uniq_amaemon
Lair:2:   layout_chaotic_city, nicolae_snake_entry_warm_welcome,
          infiniplex_staircase_pool, lemuel_fruit_fields, grunt_megastairs_4
Lair:3:   layout_cellular_growth, nicolae_swamp_entry_splash_gauntlet,
          cheibrodos_lair_caveside_slide
Lair:4:   layout_small_grid, minmay_slime_entry_jelly_boxes,
          serial_bayou_shore_b, uniq_nessos
Lair:5:   cheibrodos_lair_end_hotspot, layout_layer_cave, serial_forest,
          infiniplex_forest_lined_2, infiniplex_forest_fountain,
          infiniplex_forest_zigzag_1, infiniplex_forest_straight_3,
          infiniplex_forest_diagonal, infiniplex_forest_clump_medium,
          kilobyte_rumbling_trees

Skill      XL: |  1  2  3  4  5  6  7  8  9 10 11 12 |
---------------+-------------------------------------+-----
Invocations    | 1 2 3 4 6 11 14 | 14.5
Dodging        | 3 4 6 7 9 10 | 10.2
Axes           | 3 |  3.6
Armour         | 1 2 3 4 |  4.2
Fighting       | 4 5 6 |  6.1
Staves         | 2 4 6 9 11 12 | 12.8

Action                     |  1- 3 |  4- 6 |  7- 9 | 10-12 || total
---------------------------+-------+-------+-------+-------++-------
  Melee: Hand axe          |   107 |   128 |       |       ||   235
         Quarterstaff      |       |    42 |   231 |   524 ||   797
         Kick              |       |     5 |    65 |   187 ||   257
    Use: Potion            |       |     5 |     1 |     3 ||     9
         Scroll            |       |     7 |     5 |     4 ||    16
   Stab: Distracted        |       |       |     1 |       ||     1
 Armour: Robe              |    59 |    90 |   111 |       ||   260
         Scale mail        |       |       |     8 |    10 ||    18
         Acid dragon scale |       |       |       |    54 ||    54
         Ring mail         |       |       |       |   134 ||   134
  Dodge: Dodged            |    74 |   187 |   181 |   293 ||   735
         Repelled          |       |       |       |     3 ||     3
  Block: Other             |       |     9 |    64 |   209 ||   282
         Reflection        |       |       |     5 |     7 ||    12

Table legend: (Time is in decaauts)
 A = Elapsed time spent in this place.
 B = Non-inter-level travel time spent in this place.
 C = Inter-level travel time spent in this place.
 D = Time resting spent in this place.
 E = Time spent auto-exploring this place.
 F = Levels seen in this place.
 G = Mean time per level.
                   A        B        C        D        E       F      G
               +--------+--------+--------+--------+--------+-----+--------+
         Total |  14857 |  14408 |    449 |      0 |  11854 |  16 |  928.6 |
       Dungeon |   9427 |   8997 |    430 |      0 |   7377 |  10 |  942.7 |
        Temple |    118 |    118 |      0 |      0 |      0 |   1 |  118.0 |
          Lair |   5311 |   5292 |     19 |      0 |   4476 |   5 | 1062.2 |
               +--------+--------+--------+--------+--------+-----+--------+

Top non-repeatable levels by time:
  Lair:3: 1698 daAuts
     D:4: 1208 daAuts
     D:3: 1131 daAuts
  Lair:5: 1065 daAuts
  Lair:4: 1055 daAuts
     D:5: 1034 daAuts
    D:10: 1003 daAuts
     D:1: 957 daAuts
     D:8: 895 daAuts
     D:7: 842 daAuts
     D:2: 834 daAuts
  Lair:2: 830 daAuts
     D:6: 774 daAuts
     D:9: 744 daAuts
  Lair:1: 662 daAuts
